Workbook

Sheet Panel
B2: Panel: ¿cuándo quedas libre de deudas?
B3: Resumen automático del plan elegido en la hoja Deudas.
B5: DEUDA TOTAL HOY | D5: MESES HASTA LIBRE DE DEUDAS | F5: FECHA LIBRE DE DEUDAS
B6: =SUM(Deudas!D11:D20) | D6: =IF(INDEX(Calendario!$G$11:$G$131,MATCH(MAX(Calendario!$B$11:$B$131),Calendario!$B$11:$B$131,0))>0.005,"Más de 120",MAX(Calendario!$B$11:$B$131)) | F6: =IF(ISNUMBER(D6),EDATE(Deudas!$D$7,D6),"—")
B8: INTERESES TOTALES DEL PLAN | D8: INTERESES AHORRADOS VS. SOLO MÍNIMOS | F8: PRESUPUESTO MENSUAL FIJO
B9: =SUM(Calendario!E11:E131) | D9: =IF(COUNT(Deudas!I11:I20)=COUNT(Deudas!D11:D20),MAX(0,SUM(Deudas!I11:I20)-B9),"n/d") | F9: =Deudas!D8
B11: ORDEN DE PAGO Y MES EN QUE SE SALDA CADA DEUDA
B12: Prioridad | C12: Deuda | D12: Saldo inicial | E12: Interés anual | F12: Mes en que se salda | G12: Fecha
B13: =IF(C13="","",1) | C13: =Calendario!I6 | D13: =IF(C13="","",Calendario!I9) | E13: =IF(C13="","",Calendario!I7*12) | F13: =IF(C13="","",IF(COUNTIF(Calendario!I11:I131,">0.005")>120,"Más de 120",COUNTIF(Calendario!I11:I131,">0.005"))) | G13: =IF(ISNUMBER(F13),EDATE(Deudas!$D$7,F13),"")
B14: =IF(C14="","",2) | C14: =Calendario!J6 | D14: =IF(C14="","",Calendario!J9) | E14: =IF(C14="","",Calendario!J7*12) | F14: =IF(C14="","",IF(COUNTIF(Calendario!J11:J131,">0.005")>120,"Más de 120",COUNTIF(Calendario!J11:J131,">0.005"))) | G14: =IF(ISNUMBER(F14),EDATE(Deudas!$D$7,F14),"")
B15: =IF(C15="","",3) | C15: =Calendario!K6 | D15: =IF(C15="","",Calendario!K9) | E15: =IF(C15="","",Calendario!K7*12) | F15: =IF(C15="","",IF(COUNTIF(Calendario!K11:K131,">0.005")>120,"Más de 120",COUNTIF(Calendario!K11:K131,">0.005"))) | G15: =IF(ISNUMBER(F15),EDATE(Deudas!$D$7,F15),"")
B16: =IF(C16="","",4) | C16: =Calendario!L6 | D16: =IF(C16="","",Calendario!L9) | E16: =IF(C16="","",Calendario!L7*12) | F16: =IF(C16="","",IF(COUNTIF(Calendario!L11:L131,">0.005")>120,"Más de 120",COUNTIF(Calendario!L11:L131,">0.005"))) | G16: =IF(ISNUMBER(F16),EDATE(Deudas!$D$7,F16),"")
B17: =IF(C17="","",5) | C17: =Calendario!M6 | D17: =IF(C17="","",Calendario!M9) | E17: =IF(C17="","",Calendario!M7*12) | F17: =IF(C17="","",IF(COUNTIF(Calendario!M11:M131,">0.005")>120,"Más de 120",COUNTIF(Calendario!M11:M131,">0.005"))) | G17: =IF(ISNUMBER(F17),EDATE(Deudas!$D$7,F17),"")
B18: =IF(C18="","",6) | C18: =Calendario!N6 | D18: =IF(C18="","",Calendario!N9) | E18: =IF(C18="","",Calendario!N7*12) | F18: =IF(C18="","",IF(COUNTIF(Calendario!N11:N131,">0.005")>120,"Más de 120",COUNTIF(Calendario!N11:N131,">0.005"))) | G18: =IF(ISNUMBER(F18),EDATE(Deudas!$D$7,F18),"")
B19: =IF(C19="","",7) | C19: =Calendario!O6 | D19: =IF(C19="","",Calendario!O9) | E19: =IF(C19="","",Calendario!O7*12) | F19: =IF(C19="","",IF(COUNTIF(Calendario!O11:O131,">0.005")>120,"Más de 120",COUNTIF(Calendario!O11:O131,">0.005"))) | G19: =IF(ISNUMBER(F19),EDATE(Deudas!$D$7,F19),"")
B20: =IF(C20="","",8) | C20: =Calendario!P6 | D20: =IF(C20="","",Calendario!P9) | E20: =IF(C20="","",Calendario!P7*12) | F20: =IF(C20="","",IF(COUNTIF(Calendario!P11:P131,">0.005")>120,"Más de 120",COUNTIF(Calendario!P11:P131,">0.005"))) | G20: =IF(ISNUMBER(F20),EDATE(Deudas!$D$7,F20),"")
B21: =IF(C21="","",9) | C21: =Calendario!Q6 | D21: =IF(C21="","",Calendario!Q9) | E21: =IF(C21="","",Calendario!Q7*12) | F21: =IF(C21="","",IF(COUNTIF(Calendario!Q11:Q131,">0.005")>120,"Más de 120",COUNTIF(Calendario!Q11:Q131,">0.005"))) | G21: =IF(ISNUMBER(F21),EDATE(Deudas!$D$7,F21),"")
B22: =IF(C22="","",10) | C22: =Calendario!R6 | D22: =IF(C22="","",Calendario!R9) | E22: =IF(C22="","",Calendario!R7*12) | F22: =IF(C22="","",IF(COUNTIF(Calendario!R11:R131,">0.005")>120,"Más de 120",COUNTIF(Calendario!R11:R131,">0.005"))) | G22: =IF(ISNUMBER(F22),EDATE(Deudas!$D$7,F22),"")
B24: EVOLUCIÓN DE LA DEUDA PENDIENTE (cada 3 meses)
B25: Mes | C25: Saldo pendiente
B26: 0 | C26: =IFERROR(INDEX(Calendario!$G$11:$G$131,MATCH(B26,Calendario!$B$11:$B$131,0)),0)
B27: 3 | C27: =IFERROR(INDEX(Calendario!$G$11:$G$131,MATCH(B27,Calendario!$B$11:$B$131,0)),0)
B28: 6 | C28: =IFERROR(INDEX(Calendario!$G$11:$G$131,MATCH(B28,Calendario!$B$11:$B$131,0)),0)
B29: 9 | C29: =IFERROR(INDEX(Calendario!$G$11:$G$131,MATCH(B29,Calendario!$B$11:$B$131,0)),0)
B30: 12 | C30: =IFERROR(INDEX(Calendario!$G$11:$G$131,MATCH(B30,Calendario!$B$11:$B$131,0)),0)
B31: 15 | C31: =IFERROR(INDEX(Calendario!$G$11:$G$131,MATCH(B31,Calendario!$B$11:$B$131,0)),0)
B32: 18 | C32: =IFERROR(INDEX(Calendario!$G$11:$G$131,MATCH(B32,Calendario!$B$11:$B$131,0)),0)
B33: 21 | C33: =IFERROR(INDEX(Calendario!$G$11:$G$131,MATCH(B33,Calendario!$B$11:$B$131,0)),0)
B34: 24 | C34: =IFERROR(INDEX(Calendario!$G$11:$G$131,MATCH(B34,Calendario!$B$11:$B$131,0)),0)
B35: 27 | C35: =IFERROR(INDEX(Calendario!$G$11:$G$131,MATCH(B35,Calendario!$B$11:$B$131,0)),0)
B36: 30 | C36: =IFERROR(INDEX(Calendario!$G$11:$G$131,MATCH(B36,Calendario!$B$11:$B$131,0)),0)
B37: 33 | C37: =IFERROR(INDEX(Calendario!$G$11:$G$131,MATCH(B37,Calendario!$B$11:$B$131,0)),0)
... B45: 57 | C45: =IFERROR(INDEX(Calendario!$G$11:$G$131,MATCH(B45,Calendario!$B$11:$B$131,0)),0)

Sheet Deudas
B2: Plan de pago de deudas
B3: Elige método, indica tu pago extra mensual y rellena tus deudas (celdas crema).
B5: Método de pago | D5: Bola de nieve
B6: Pago extra al mes | D6: 200
B7: Fecha de los saldos (hoy) | D7: 46327
B8: Presupuesto mensual total | D8: =SUM(F11:F20)+D6
B10: Deuda | C10: Tipo | D10: Saldo actual | E10: Interés anual (TAE) | F10: Cuota mínima | G10: Interés mensual | H10: Meses solo mínimos | I10: Interés total solo mínimos | J10: Prioridad | K10: Estado | L10: Clave orden
B11: Tarjeta Visa | C11: Tarjeta de crédito | D11: 2850 | E11: 0.219 | F11: 85 | G11: =IF(D11="","",E11/12) | H11: =IF(D11="","",IF(D11<=0,0,IFERROR(ROUNDUP(NPER(G11,-F11,D11),0),"No amortiza"))) | I11: =IF(D11="","",IF(D11<=0,0,IF(ISNUMBER(H11),ROUND(MAX(0,F11*NPER(G11,-F11,D11)-D11),2),"—"))) | J11: =IF(D11="","",SUMPRODUCT(--($L$11:$L$20<L11))+COUNTIF($L$11:L11,L11)) | K11: =IF(D11="","",IF(D11<=0,"Saldada",IF(F11<=D11*G11,"Revisar cuota","En marcha"))) | L11: =IF(D11="",9E+15,IF($D$5="Avalancha",-E11*1000000000+D11,D11))
B12: Tarjeta de tienda | C12: Tarjeta de crédito | D12: 640 | E12: 0.245 | F12: 30 | G12: =IF(D12="","",E12/12) | H12: =IF(D12="","",IF(D12<=0,0,IFERROR(ROUNDUP(NPER(G12,-F12,D12),0),"No amortiza"))) | I12: =IF(D12="","",IF(D12<=0,0,IF(ISNUMBER(H12),ROUND(MAX(0,F12*NPER(G12,-F12,D12)-D12),2),"—"))) | J12: =IF(D12="","",SUMPRODUCT(--($L$11:$L$20<L12))+COUNTIF($L$11:L12,L12)) | K12: =IF(D12="","",IF(D12<=0,"Saldada",IF(F12<=D12*G12,"Revisar cuota","En marcha"))) | L12: =IF(D12="",9E+15,IF($D$5="Avalancha",-E12*1000000000+D12,D12))
B13: Préstamo personal | C13: Préstamo personal | D13: 4800 | E13: 0.095 | F13: 160 | G13: =IF(D13="","",E13/12) | H13: =IF(D13="","",IF(D13<=0,0,IFERROR(ROUNDUP(NPER(G13,-F13,D13),0),"No amortiza"))) | I13: =IF(D13="","",IF(D13<=0,0,IF(ISNUMBER(H13),ROUND(MAX(0,F13*NPER(G13,-F13,D13)-D13),2),"—"))) | J13: =IF(D13="","",SUMPRODUCT(--($L$11:$L$20<L13))+COUNTIF($L$11:L13,L13)) | K13: =IF(D13="","",IF(D13<=0,"Saldada",IF(F13<=D13*G13,"Revisar cuota","En marcha"))) | L13: =IF(D13="",9E+15,IF($D$5="Avalancha",-E13*1000000000+D13,D13))
B14: Préstamo del coche | C14: Préstamo coche | D14: 9200 | E14: 0.062 | F14: 235 | G14: =IF(D14="","",E14/12) | H14: =IF(D14="","",IF(D14<=0,0,IFERROR(ROUNDUP(NPER(G14,-F14,D14),0),"No amortiza"))) | I14: =IF(D14="","",IF(D14<=0,0,IF(ISNUMBER(H14),ROUND(MAX(0,F14*NPER(G14,-F14,D14)-D14),2),"—"))) | J14: =IF(D14="","",SUMPRODUCT(--($L$11:$L$20<L14))+COUNTIF($L$11:L14,L14)) | K14: =IF(D14="","",IF(D14<=0,"Saldada",IF(F14<=D14*G14,"Revisar cuota","En marcha"))) | L14: =IF(D14="",9E+15,IF($D$5="Avalancha",-E14*1000000000+D14,D14))
B15: Crédito reforma cocina | C15: Crédito reforma | D15: 3600 | E15: 0.079 | F15: 120 | G15: =IF(D15="","",E15/12) | H15: =IF(D15="","",IF(D15<=0,0,IFERROR(ROUNDUP(NPER(G15,-F15,D15),0),"No amortiza"))) | I15: =IF(D15="","",IF(D15<=0,0,IF(ISNUMBER(H15),ROUND(MAX(0,F15*NPER(G15,-F15,D15)-D15),2),"—"))) | J15: =IF(D15="","",SUMPRODUCT(--($L$11:$L$20<L15))+COUNTIF($L$11:L15,L15)) | K15: =IF(D15="","",IF(D15<=0,"Saldada",IF(F15<=D15*G15,"Revisar cuota","En marcha"))) | L15: =IF(D15="",9E+15,IF($D$5="Avalancha",-E15*1000000000+D15,D15))
B16: Móvil a plazos | C16: Compra a plazos | D16: 520 | E16: 0 | F16: 45 | G16: =IF(D16="","",E16/12) | H16: =IF(D16="","",IF(D16<=0,0,IFERROR(ROUNDUP(NPER(G16,-F16,D16),0),"No amortiza"))) | I16: =IF(D16="","",IF(D16<=0,0,IF(ISNUMBER(H16),ROUND(MAX(0,F16*NPER(G16,-F16,D16)-D16),2),"—"))) | J16: =IF(D16="","",SUMPRODUCT(--($L$11:$L$20<L16))+COUNTIF($L$11:L16,L16)) | K16: =IF(D16="","",IF(D16<=0,"Saldada",IF(F16<=D16*G16,"Revisar cuota","En marcha"))) | L16: =IF(D16="",9E+15,IF($D$5="Avalancha",-E16*1000000000+D16,D16))
B17: Préstamo familiar | C17: Familiar o amigo | D17: 1500 | E17: 0 | F17: 50 | G17: =IF(D17="","",E17/12) | H17: =IF(D17="","",IF(D17<=0,0,IFERROR(ROUNDUP(NPER(G17,-F17,D17),0),"No amortiza"))) | I17: =IF(D17="","",IF(D17<=0,0,IF(ISNUMBER(H17),ROUND(MAX(0,F17*NPER(G17,-F17,D17)-D17),2),"—"))) | J17: =IF(D17="","",SUMPRODUCT(--($L$11:$L$20<L17))+COUNTIF($L$11:L17,L17)) | K17: =IF(D17="","",IF(D17<=0,"Saldada",IF(F17<=D17*G17,"Revisar cuota","En marcha"))) | L17: =IF(D17="",9E+15,IF($D$5="Avalancha",-E17*1000000000+D17,D17))
B18: Descubierto cuenta | C18: Descubierto | D18: 350 | E18: 0.18 | F18: 40 | G18: =IF(D18="","",E18/12) | H18: =IF(D18="","",IF(D18<=0,0,IFERROR(ROUNDUP(NPER(G18,-F18,D18),0),"No amortiza"))) | I18: =IF(D18="","",IF(D18<=0,0,IF(ISNUMBER(H18),ROUND(MAX(0,F18*NPER(G18,-F18,D18)-D18),2),"—"))) | J18: =IF(D18="","",SUMPRODUCT(--($L$11:$L$20<L18))+COUNTIF($L$11:L18,L18)) | K18: =IF(D18="","",IF(D18<=0,"Saldada",IF(F18<=D18*G18,"Revisar cuota","En marcha"))) | L18: =IF(D18="",9E+15,IF($D$5="Avalancha",-E18*1000000000+D18,D18))
G19: =IF(D19="","",E19/12) | H19: =IF(D19="","",IF(D19<=0,0,IFERROR(ROUNDUP(NPER(G19,-F19,D19),0),"No amortiza"))) | I19: =IF(D19="","",IF(D19<=0,0,IF(ISNUMBER(H19),ROUND(MAX(0,F19*NPER(G19,-F19,D19)-D19),2),"—"))) | J19: =IF(D19="","",SUMPRODUCT(--($L$11:$L$20<L19))+COUNTIF($L$11:L19,L19)) | K19: =IF(D19="","",IF(D19<=0,"Saldada",IF(F19<=D19*G19,"Revisar cuota","En marcha"))) | L19: =IF(D19="",9E+15,IF($D$5="Avalancha",-E19*1000000000+D19,D19))
G20: =IF(D20="","",E20/12) | H20: =IF(D20="","",IF(D20<=0,0,IFERROR(ROUNDUP(NPER(G20,-F20,D20),0),"No amortiza"))) | I20: =IF(D20="","",IF(D20<=0,0,IF(ISNUMBER(H20),ROUND(MAX(0,F20*NPER(G20,-F20,D20)-D20),2),"—"))) | J20: =IF(D20="","",SUMPRODUCT(--($L$11:$L$20<L20))+COUNTIF($L$11:L20,L20)) | K20: =IF(D20="","",IF(D20<=0,"Saldada",IF(F20<=D20*G20,"Revisar cuota","En marcha"))) | L20: =IF(D20="",9E+15,IF($D$5="Avalancha",-E20*1000000000+D20,D20))
B21: TOTAL | D21: =SUM(D11:D20) | E21: =IF(D21>0,SUMPRODUCT(D11:D20,E11:E20)/D21,0) | F21: =SUM(F11:F20) | I21: =SUM(I11:I20)
B22: La TAE de la fila TOTAL es la media ponderada por saldo. La columna "Clave orden" es auxiliar (no tocar).
B23: Bola de nieve: primero el saldo más pequeño (más motivación). Avalancha: primero el interés más alto (menos intereses). Presupuesto mensual = cuotas mínimas + pago extra, fijo todo el plan.

Sheet Calendario
B2: Calendario de amortización mes a mes
B3: Las deudas aparecen ordenadas según el método elegido. Todo se calcula solo desde la hoja Deudas.
I4: SALDO PENDIENTE DE CADA DEUDA (orden de prioridad) | S4: INTERESES DEL MES | AC4: CUOTA MÍNIMA PAGADA | AM4: PAGO EXTRA APLICADO (bola de nieve)
B5: Prioridad ► | I5: 1 | J5: 2 | K5: 3 | L5: 4 | M5: 5 | N5: 6 | O5: 7 | P5: 8 | Q5: 9 | R5: 10
B6: Deuda ► | I6: =IFERROR(IF(INDEX(Deudas!$B$11:$B$20,MATCH(I$5,Deudas!$J$11:$J$20,0))="","Deuda "&I$5,INDEX(Deudas!$B$11:$B$20,MATCH(I$5,Deudas!$J$11:$J$20,0))),"") | J6: =IFERROR(IF(INDEX(Deudas!$B$11:$B$20,MATCH(J$5,Deudas!$J$11:$J$20,0))="","Deuda "&J$5,INDEX(Deudas!$B$11:$B$20,MATCH(J$5,Deudas!$J$11:$J$20,0))),"") | K6: =IFERROR(IF(INDEX(Deudas!$B$11:$B$20,MATCH(K$5,Deudas!$J$11:$J$20,0))="","Deuda "&K$5,INDEX(Deudas!$B$11:$B$20,MATCH(K$5,Deudas!$J$11:$J$20,0))),"") | L6: =IFERROR(IF(INDEX(Deudas!$B$11:$B$20,MATCH(L$5,Deudas!$J$11:$J$20,0))="","Deuda "&L$5,INDEX(Deudas!$B$11:$B$20,MATCH(L$5,Deudas!$J$11:$J$20,0))),"") | M6: =IFERROR(IF(INDEX(Deudas!$B$11:$B$20,MATCH(M$5,Deudas!$J$11:$J$20,0))="","Deuda "&M$5,INDEX(Deudas!$B$11:$B$20,MATCH(M$5,Deudas!$J$11:$J$20,0))),"") | N6: =IFERROR(IF(INDEX(Deudas!$B$11:$B$20,MATCH(N$5,Deudas!$J$11:$J$20,0))="","Deuda "&N$5,INDEX(Deudas!$B$11:$B$20,MATCH(N$5,Deudas!$J$11:$J$20,0))),"") | O6: =IFERROR(IF(INDEX(Deudas!$B$11:$B$20,MATCH(O$5,Deudas!$J$11:$J$20,0))="","Deuda "&O$5,INDEX(Deudas!$B$11:$B$20,MATCH(O$5,Deudas!$J$11:$J$20,0))),"") | P6: =IFERROR(IF(INDEX(Deudas!$B$11:$B$20,MATCH(P$5,Deudas!$J$11:$J$20,0))="","Deuda "&P$5,INDEX(Deudas!$B$11:$B$20,MATCH(P$5,Deudas!$J$11:$J$20,0))),"") | ... R6: =IFERROR(IF(INDEX(Deudas!$B$11:$B$20,MATCH(R$5,Deudas!$J$11:$J$20,0))="","Deuda "&R$5,INDEX(Deudas!$B$11:$B$20,MATCH(R$5,Deudas!$J$11:$J$20,0))),"")
B7: Interés mensual ► | I7: =IFERROR(INDEX(Deudas!$G$11:$G$20,MATCH(I$5,Deudas!$J$11:$J$20,0)),0) | J7: =IFERROR(INDEX(Deudas!$G$11:$G$20,MATCH(J$5,Deudas!$J$11:$J$20,0)),0) | K7: =IFERROR(INDEX(Deudas!$G$11:$G$20,MATCH(K$5,Deudas!$J$11:$J$20,0)),0) | L7: =IFERROR(INDEX(Deudas!$G$11:$G$20,MATCH(L$5,Deudas!$J$11:$J$20,0)),0) | M7: =IFERROR(INDEX(Deudas!$G$11:$G$20,MATCH(M$5,Deudas!$J$11:$J$20,0)),0) | N7: =IFERROR(INDEX(Deudas!$G$11:$G$20,MATCH(N$5,Deudas!$J$11:$J$20,0)),0) | O7: =IFERROR(INDEX(Deudas!$G$11:$G$20,MATCH(O$5,Deudas!$J$11:$J$20,0)),0) | P7: =IFERROR(INDEX(Deudas!$G$11:$G$20,MATCH(P$5,Deudas!$J$11:$J$20,0)),0) | ... R7: =IFERROR(INDEX(Deudas!$G$11:$G$20,MATCH(R$5,Deudas!$J$11:$J$20,0)),0)
B8: Cuota mínima ► | I8: =IFERROR(INDEX(Deudas!$F$11:$F$20,MATCH(I$5,Deudas!$J$11:$J$20,0)),0) | J8: =IFERROR(INDEX(Deudas!$F$11:$F$20,MATCH(J$5,Deudas!$J$11:$J$20,0)),0) | K8: =IFERROR(INDEX(Deudas!$F$11:$F$20,MATCH(K$5,Deudas!$J$11:$J$20,0)),0) | L8: =IFERROR(INDEX(Deudas!$F$11:$F$20,MATCH(L$5,Deudas!$J$11:$J$20,0)),0) | M8: =IFERROR(INDEX(Deudas!$F$11:$F$20,MATCH(M$5,Deudas!$J$11:$J$20,0)),0) | N8: =IFERROR(INDEX(Deudas!$F$11:$F$20,MATCH(N$5,Deudas!$J$11:$J$20,0)),0) | O8: =IFERROR(INDEX(Deudas!$F$11:$F$20,MATCH(O$5,Deudas!$J$11:$J$20,0)),0) | P8: =IFERROR(INDEX(Deudas!$F$11:$F$20,MATCH(P$5,Deudas!$J$11:$J$20,0)),0) | ... R8: =IFERROR(INDEX(Deudas!$F$11:$F$20,MATCH(R$5,Deudas!$J$11:$J$20,0)),0)
B9: Saldo inicial ► | I9: =IFERROR(INDEX(Deudas!$D$11:$D$20,MATCH(I$5,Deudas!$J$11:$J$20,0)),0) | J9: =IFERROR(INDEX(Deudas!$D$11:$D$20,MATCH(J$5,Deudas!$J$11:$J$20,0)),0) | K9: =IFERROR(INDEX(Deudas!$D$11:$D$20,MATCH(K$5,Deudas!$J$11:$J$20,0)),0) | L9: =IFERROR(INDEX(Deudas!$D$11:$D$20,MATCH(L$5,Deudas!$J$11:$J$20,0)),0) | M9: =IFERROR(INDEX(Deudas!$D$11:$D$20,MATCH(M$5,Deudas!$J$11:$J$20,0)),0) | N9: =IFERROR(INDEX(Deudas!$D$11:$D$20,MATCH(N$5,Deudas!$J$11:$J$20,0)),0) | O9: =IFERROR(INDEX(Deudas!$D$11:$D$20,MATCH(O$5,Deudas!$J$11:$J$20,0)),0) | P9: =IFERROR(INDEX(Deudas!$D$11:$D$20,MATCH(P$5,Deudas!$J$11:$J$20,0)),0) | ... R9: =IFERROR(INDEX(Deudas!$D$11:$D$20,MATCH(R$5,Deudas!$J$11:$J$20,0)),0)
B10: Mes | C10: Fecha | D10: Pago total | E10: Intereses | F10: Capital amortizado | G10: Saldo total | I10: =IF(I$6="","",I$6) | J10: =IF(J$6="","",J$6) | K10: =IF(K$6="","",K$6) | L10: =IF(L$6="","",L$6) | M10: =IF(M$6="","",M$6) | N10: =IF(N$6="","",N$6) | O10: =IF(O$6="","",O$6) | P10: =IF(P$6="","",P$6) | ... R10: =IF(R$6="","",R$6) | S10: =IF(I$6="","","Int. "&I$6) | T10: =IF(J$6="","","Int. "&J$6) | U10: =IF(K$6="","","Int. "&K$6) | V10: =IF(L$6="","","Int. "&L$6) | W10: =IF(M$6="","","Int. "&M$6) | X10: =IF(N$6="","","Int. "&N$6) | Y10: =IF(O$6="","","Int. "&O$6) | Z10: =IF(P$6="","","Int. "&P$6) | ... AB10: =IF(R$6="","","Int. "&R$6) | AC10: =IF(I$6="","","Mín. "&I$6) | AD10: =IF(J$6="","","Mín. "&J$6) | AE10: =IF(K$6="","","Mín. "&K$6) | AF10: =IF(L$6="","","Mín. "&L$6) | AG10: =IF(M$6="","","Mín. "&M$6) | AH10: =IF(N$6="","","Mín. "&N$6) | AI10: =IF(O$6="","","Mín. "&O$6) | AJ10: =IF(P$6="","","Mín. "&P$6) | ... AL10: =IF(R$6="","","Mín. "&R$6) | AM10: =IF(I$6="","","Extra "&I$6) | AN10: =IF(J$6="","","Extra "&J$6) | AO10: =IF(K$6="","","Extra "&K$6) | AP10: =IF(L$6="","","Extra "&L$6) | AQ10: =IF(M$6="","","Extra "&M$6) | AR10: =IF(N$6="","","Extra "&N$6) | AS10: =IF(O$6="","","Extra "&O$6) | AT10: =IF(P$6="","","Extra "&P$6) | ... AV10: =IF(R$6="","","Extra "&R$6)
B11: 0 | C11: =Deudas!$D$7 | D11: 0 | E11: 0 | F11: 0 | G11: =SUM(I11:R11) | I11: =I$9 | J11: =J$9 | K11: =K$9 | L11: =L$9 | M11: =M$9 | N11: =N$9 | O11: =O$9 | P11: =P$9 | ... R11: =R$9
B12: =IF(B11="","",IF(G11>0.004,B11+1,"")) | C12: =IF($B12="","",EDATE(Deudas!$D$7,$B12)) | D12: =IF($B12="","",SUM($AC12:$AV12)) | E12: =IF($B12="","",SUM($S12:$AB12)) | F12: =IF($B12="","",D12-E12) | G12: =IF($B12="","",SUM($I12:$R12)) | I12: =IF($B12="","",ROUND(I11+S12-AC12-AM12,2)) | J12: =IF($B12="","",ROUND(J11+T12-AD12-AN12,2)) | K12: =IF($B12="","",ROUND(K11+U12-AE12-AO12,2)) | L12: =IF($B12="","",ROUND(L11+V12-AF12-AP12,2)) | M12: =IF($B12="","",ROUND(M11+W12-AG12-AQ12,2)) | N12: =IF($B12="","",ROUND(N11+X12-AH12-AR12,2)) | O12: =IF($B12="","",ROUND(O11+Y12-AI12-AS12,2)) | P12: =IF($B12="","",ROUND(P11+Z12-AJ12-AT12,2)) | ... R12: =IF($B12="","",ROUND(R11+AB12-AL12-AV12,2)) | S12: =IF($B12="","",ROUND(I11*I$7,2)) | T12: =IF($B12="","",ROUND(J11*J$7,2)) | U12: =IF($B12="","",ROUND(K11*K$7,2)) | V12: =IF($B12="","",ROUND(L11*L$7,2)) | W12: =IF($B12="","",ROUND(M11*M$7,2)) | X12: =IF($B12="","",ROUND(N11*N$7,2)) | Y12: =IF($B12="","",ROUND(O11*O$7,2)) | Z12: =IF($B12="","",ROUND(P11*P$7,2)) | ... AB12: =IF($B12="","",ROUND(R11*R$7,2)) | AC12: =IF($B12="","",MIN(I$8,I11+S12)) | AD12: =IF($B12="","",MIN(J$8,J11+T12)) | AE12: =IF($B12="","",MIN(K$8,K11+U12)) | AF12: =IF($B12="","",MIN(L$8,L11+V12)) | AG12: =IF($B12="","",MIN(M$8,M11+W12)) | AH12: =IF($B12="","",MIN(N$8,N11+X12)) | AI12: =IF($B12="","",MIN(O$8,O11+Y12)) | AJ12: =IF($B12="","",MIN(P$8,P11+Z12)) | ... AL12: =IF($B12="","",MIN(R$8,R11+AB12)) | AM12: =IF($B12="","",ROUND(MIN(I11+S12-AC12,MAX(0,Deudas!$D$8-SUM($AC12:$AL12))),2)) | AN12: =IF($B12="","",ROUND(MIN(J11+T12-AD12,MAX(0,Deudas!$D$8-SUM($AC12:$AL12)-SUM($AM12:AM12))),2)) | AO12: =IF($B12="","",ROUND(MIN(K11+U12-AE12,MAX(0,Deudas!$D$8-SUM($AC12:$AL12)-SUM($AM12:AN12))),2)) | AP12: =IF($B12="","",ROUND(MIN(L11+V12-AF12,MAX(0,Deudas!$D$8-SUM($AC12:$AL12)-SUM($AM12:AO12))),2)) | AQ12: =IF($B12="","",ROUND(MIN(M11+W12-AG12,MAX(0,Deudas!$D$8-SUM($AC12:$AL12)-SUM($AM12:AP12))),2)) | AR12: =IF($B12="","",ROUND(MIN(N11+X12-AH12,MAX(0,Deudas!$D$8-SUM($AC12:$AL12)-SUM($AM12:AQ12))),2)) | AS12: =IF($B12="","",ROUND(MIN(O11+Y12-AI12,MAX(0,Deudas!$D$8-SUM($AC12:$AL12)-SUM($AM12:AR12))),2)) | AT12: =IF($B12="","",ROUND(MIN(P11+Z12-AJ12,MAX(0,Deudas!$D$8-SUM($AC12:$AL12)-SUM($AM12:AS12))),2)) | AU12: =IF($B12="","",ROUND(MIN(Q11+AA12-AK12,MAX(0,Deudas!$D$8-SUM($AC12:$AL12)-SUM($AM12:AT12))),2)) | AV12: =IF($B12="","",ROUND(MIN(R11+AB12-AL12,MAX(0,Deudas!$D$8-SUM($AC12:$AL12)-SUM($AM12:AU12))),2))
B13: =IF(B12="","",IF(G12>0.004,B12+1,"")) | C13: =IF($B13="","",EDATE(Deudas!$D$7,$B13)) | D13: =IF($B13="","",SUM($AC13:$AV13)) | E13: =IF($B13="","",SUM($S13:$AB13)) | F13: =IF($B13="","",D13-E13) | G13: =IF($B13="","",SUM($I13:$R13)) | I13: =IF($B13="","",ROUND(I12+S13-AC13-AM13,2)) | J13: =IF($B13="","",ROUND(J12+T13-AD13-AN13,2)) | K13: =IF($B13="","",ROUND(K12+U13-AE13-AO13,2)) | L13: =IF($B13="","",ROUND(L12+V13-AF13-AP13,2)) | M13: =IF($B13="","",ROUND(M12+W13-AG13-AQ13,2)) | N13: =IF($B13="","",ROUND(N12+X13-AH13-AR13,2)) | O13: =IF($B13="","",ROUND(O12+Y13-AI13-AS13,2)) | P13: =IF($B13="","",ROUND(P12+Z13-AJ13-AT13,2)) | ... R13: =IF($B13="","",ROUND(R12+AB13-AL13-AV13,2)) | S13: =IF($B13="","",ROUND(I12*I$7,2)) | T13: =IF($B13="","",ROUND(J12*J$7,2)) | U13: =IF($B13="","",ROUND(K12*K$7,2)) | V13: =IF($B13="","",ROUND(L12*L$7,2)) | W13: =IF($B13="","",ROUND(M12*M$7,2)) | X13: =IF($B13="","",ROUND(N12*N$7,2)) | Y13: =IF($B13="","",ROUND(O12*O$7,2)) | Z13: =IF($B13="","",ROUND(P12*P$7,2)) | ... AB13: =IF($B13="","",ROUND(R12*R$7,2)) | AC13: =IF($B13="","",MIN(I$8,I12+S13)) | AD13: =IF($B13="","",MIN(J$8,J12+T13)) | AE13: =IF($B13="","",MIN(K$8,K12+U13)) | AF13: =IF($B13="","",MIN(L$8,L12+V13)) | AG13: =IF($B13="","",MIN(M$8,M12+W13)) | AH13: =IF($B13="","",MIN(N$8,N12+X13)) | AI13: =IF($B13="","",MIN(O$8,O12+Y13)) | AJ13: =IF($B13="","",MIN(P$8,P12+Z13)) | ... AL13: =IF($B13="","",MIN(R$8,R12+AB13)) | AM13: =IF($B13="","",ROUND(MIN(I12+S13-AC13,MAX(0,Deudas!$D$8-SUM($AC13:$AL13))),2)) | AN13: =IF($B13="","",ROUND(MIN(J12+T13-AD13,MAX(0,Deudas!$D$8-SUM($AC13:$AL13)-SUM($AM13:AM13))),2)) | AO13: =IF($B13="","",ROUND(MIN(K12+U13-AE13,MAX(0,Deudas!$D$8-SUM($AC13:$AL13)-SUM($AM13:AN13))),2)) | AP13: =IF($B13="","",ROUND(MIN(L12+V13-AF13,MAX(0,Deudas!$D$8-SUM($AC13:$AL13)-SUM($AM13:AO13))),2)) | AQ13: =IF($B13="","",ROUND(MIN(M12+W13-AG13,MAX(0,Deudas!$D$8-SUM($AC13:$AL13)-SUM($AM13:AP13))),2)) | AR13: =IF($B13="","",ROUND(MIN(N12+X13-AH13,MAX(0,Deudas!$D$8-SUM($AC13:$AL13)-SUM($AM13:AQ13))),2)) | AS13: =IF($B13="","",ROUND(MIN(O12+Y13-AI13,MAX(0,Deudas!$D$8-SUM($AC13:$AL13)-SUM($AM13:AR13))),2)) | AT13: =IF($B13="","",ROUND(MIN(P12+Z13-AJ13,MAX(0,Deudas!$D$8-SUM($AC13:$AL13)-SUM($AM13:AS13))),2)) | AU13: =IF($B13="","",ROUND(MIN(Q12+AA13-AK13,MAX(0,Deudas!$D$8-SUM($AC13:$AL13)-SUM($AM13:AT13))),2)) | AV13: =IF($B13="","",ROUND(MIN(R12+AB13-AL13,MAX(0,Deudas!$D$8-SUM($AC13:$AL13)-SUM($AM13:AU13))),2))
B14: =IF(B13="","",IF(G13>0.004,B13+1,"")) | C14: =IF($B14="","",EDATE(Deudas!$D$7,$B14)) | D14: =IF($B14="","",SUM($AC14:$AV14)) | E14: =IF($B14="","",SUM($S14:$AB14)) | F14: =IF($B14="","",D14-E14) | G14: =IF($B14="","",SUM($I14:$R14)) | I14: =IF($B14="","",ROUND(I13+S14-AC14-AM14,2)) | J14: =IF($B14="","",ROUND(J13+T14-AD14-AN14,2)) | K14: =IF($B14="","",ROUND(K13+U14-AE14-AO14,2)) | L14: =IF($B14="","",ROUND(L13+V14-AF14-AP14,2)) | M14: =IF($B14="","",ROUND(M13+W14-AG14-AQ14,2)) | N14: =IF($B14="","",ROUND(N13+X14-AH14-AR14,2)) | O14: =IF($B14="","",ROUND(O13+Y14-AI14-AS14,2)) | P14: =IF($B14="","",ROUND(P13+Z14-AJ14-AT14,2)) | ... R14: =IF($B14="","",ROUND(R13+AB14-AL14-AV14,2)) | S14: =IF($B14="","",ROUND(I13*I$7,2)) | T14: =IF($B14="","",ROUND(J13*J$7,2)) | U14: =IF($B14="","",ROUND(K13*K$7,2)) | V14: =IF($B14="","",ROUND(L13*L$7,2)) | W14: =IF($B14="","",ROUND(M13*M$7,2)) | X14: =IF($B14="","",ROUND(N13*N$7,2)) | Y14: =IF($B14="","",ROUND(O13*O$7,2)) | Z14: =IF($B14="","",ROUND(P13*P$7,2)) | ... AB14: =IF($B14="","",ROUND(R13*R$7,2)) | AC14: =IF($B14="","",MIN(I$8,I13+S14)) | AD14: =IF($B14="","",MIN(J$8,J13+T14)) | AE14: =IF($B14="","",MIN(K$8,K13+U14)) | AF14: =IF($B14="","",MIN(L$8,L13+V14)) | AG14: =IF($B14="","",MIN(M$8,M13+W14)) | AH14: =IF($B14="","",MIN(N$8,N13+X14)) | AI14: =IF($B14="","",MIN(O$8,O13+Y14)) | AJ14: =IF($B14="","",MIN(P$8,P13+Z14)) | ... AL14: =IF($B14="","",MIN(R$8,R13+AB14)) | AM14: =IF($B14="","",ROUND(MIN(I13+S14-AC14,MAX(0,Deudas!$D$8-SUM($AC14:$AL14))),2)) | AN14: =IF($B14="","",ROUND(MIN(J13+T14-AD14,MAX(0,Deudas!$D$8-SUM($AC14:$AL14)-SUM($AM14:AM14))),2)) | AO14: =IF($B14="","",ROUND(MIN(K13+U14-AE14,MAX(0,Deudas!$D$8-SUM($AC14:$AL14)-SUM($AM14:AN14))),2)) | AP14: =IF($B14="","",ROUND(MIN(L13+V14-AF14,MAX(0,Deudas!$D$8-SUM($AC14:$AL14)-SUM($AM14:AO14))),2)) | AQ14: =IF($B14="","",ROUND(MIN(M13+W14-AG14,MAX(0,Deudas!$D$8-SUM($AC14:$AL14)-SUM($AM14:AP14))),2)) | AR14: =IF($B14="","",ROUND(MIN(N13+X14-AH14,MAX(0,Deudas!$D$8-SUM($AC14:$AL14)-SUM($AM14:AQ14))),2)) | AS14: =IF($B14="","",ROUND(MIN(O13+Y14-AI14,MAX(0,Deudas!$D$8-SUM($AC14:$AL14)-SUM($AM14:AR14))),2)) | AT14: =IF($B14="","",ROUND(MIN(P13+Z14-AJ14,MAX(0,Deudas!$D$8-SUM($AC14:$AL14)-SUM($AM14:AS14))),2)) | AU14: =IF($B14="","",ROUND(MIN(Q13+AA14-AK14,MAX(0,Deudas!$D$8-SUM($AC14:$AL14)-SUM($AM14:AT14))),2)) | AV14: =IF($B14="","",ROUND(MIN(R13+AB14-AL14,MAX(0,Deudas!$D$8-SUM($AC14:$AL14)-SUM($AM14:AU14))),2))
B15: =IF(B14="","",IF(G14>0.004,B14+1,"")) | C15: =IF($B15="","",EDATE(Deudas!$D$7,$B15)) | D15: =IF($B15="","",SUM($AC15:$AV15)) | E15: =IF($B15="","",SUM($S15:$AB15)) | F15: =IF($B15="","",D15-E15) | G15: =IF($B15="","",SUM($I15:$R15)) | I15: =IF($B15="","",ROUND(I14+S15-AC15-AM15,2)) | J15: =IF($B15="","",ROUND(J14+T15-AD15-AN15,2)) | K15: =IF($B15="","",ROUND(K14+U15-AE15-AO15,2)) | L15: =IF($B15="","",ROUND(L14+V15-AF15-AP15,2)) | M15: =IF($B15="","",ROUND(M14+W15-AG15-AQ15,2)) | N15: =IF($B15="","",ROUND(N14+X15-AH15-AR15,2)) | O15: =IF($B15="","",ROUND(O14+Y15-AI15-AS15,2)) | P15: =IF($B15="","",ROUND(P14+Z15-AJ15-AT15,2)) | ... R15: =IF($B15="","",ROUND(R14+AB15-AL15-AV15,2)) | S15: =IF($B15="","",ROUND(I14*I$7,2)) | T15: =IF($B15="","",ROUND(J14*J$7,2)) | U15: =IF($B15="","",ROUND(K14*K$7,2)) | V15: =IF($B15="","",ROUND(L14*L$7,2)) | W15: =IF($B15="","",ROUND(M14*M$7,2)) | X15: =IF($B15="","",ROUND(N14*N$7,2)) | Y15: =IF($B15="","",ROUND(O14*O$7,2)) | Z15: =IF($B15="","",ROUND(P14*P$7,2)) | ... AB15: =IF($B15="","",ROUND(R14*R$7,2)) | AC15: =IF($B15="","",MIN(I$8,I14+S15)) | AD15: =IF($B15="","",MIN(J$8,J14+T15)) | AE15: =IF($B15="","",MIN(K$8,K14+U15)) | AF15: =IF($B15="","",MIN(L$8,L14+V15)) | AG15: =IF($B15="","",MIN(M$8,M14+W15)) | AH15: =IF($B15="","",MIN(N$8,N14+X15)) | AI15: =IF($B15="","",MIN(O$8,O14+Y15)) | AJ15: =IF($B15="","",MIN(P$8,P14+Z15)) | ... AL15: =IF($B15="","",MIN(R$8,R14+AB15)) | AM15: =IF($B15="","",ROUND(MIN(I14+S15-AC15,MAX(0,Deudas!$D$8-SUM($AC15:$AL15))),2)) | AN15: =IF($B15="","",ROUND(MIN(J14+T15-AD15,MAX(0,Deudas!$D$8-SUM($AC15:$AL15)-SUM($AM15:AM15))),2)) | AO15: =IF($B15="","",ROUND(MIN(K14+U15-AE15,MAX(0,Deudas!$D$8-SUM($AC15:$AL15)-SUM($AM15:AN15))),2)) | AP15: =IF($B15="","",ROUND(MIN(L14+V15-AF15,MAX(0,Deudas!$D$8-SUM($AC15:$AL15)-SUM($AM15:AO15))),2)) | AQ15: =IF($B15="","",ROUND(MIN(M14+W15-AG15,MAX(0,Deudas!$D$8-SUM($AC15:$AL15)-SUM($AM15:AP15))),2)) | AR15: =IF($B15="","",ROUND(MIN(N14+X15-AH15,MAX(0,Deudas!$D$8-SUM($AC15:$AL15)-SUM($AM15:AQ15))),2)) | AS15: =IF($B15="","",ROUND(MIN(O14+Y15-AI15,MAX(0,Deudas!$D$8-SUM($AC15:$AL15)-SUM($AM15:AR15))),2)) | AT15: =IF($B15="","",ROUND(MIN(P14+Z15-AJ15,MAX(0,Deudas!$D$8-SUM($AC15:$AL15)-SUM($AM15:AS15))),2)) | AU15: =IF($B15="","",ROUND(MIN(Q14+AA15-AK15,MAX(0,Deudas!$D$8-SUM($AC15:$AL15)-SUM($AM15:AT15))),2)) | AV15: =IF($B15="","",ROUND(MIN(R14+AB15-AL15,MAX(0,Deudas!$D$8-SUM($AC15:$AL15)-SUM($AM15:AU15))),2))
B16: =IF(B15="","",IF(G15>0.004,B15+1,"")) | C16: =IF($B16="","",EDATE(Deudas!$D$7,$B16)) | D16: =IF($B16="","",SUM($AC16:$AV16)) | E16: =IF($B16="","",SUM($S16:$AB16)) | F16: =IF($B16="","",D16-E16) | G16: =IF($B16="","",SUM($I16:$R16)) | I16: =IF($B16="","",ROUND(I15+S16-AC16-AM16,2)) | J16: =IF($B16="","",ROUND(J15+T16-AD16-AN16,2)) | K16: =IF($B16="","",ROUND(K15+U16-AE16-AO16,2)) | L16: =IF($B16="","",ROUND(L15+V16-AF16-AP16,2)) | M16: =IF($B16="","",ROUND(M15+W16-AG16-AQ16,2)) | N16: =IF($B16="","",ROUND(N15+X16-AH16-AR16,2)) | O16: =IF($B16="","",ROUND(O15+Y16-AI16-AS16,2)) | P16: =IF($B16="","",ROUND(P15+Z16-AJ16-AT16,2)) | ... R16: =IF($B16="","",ROUND(R15+AB16-AL16-AV16,2)) | S16: =IF($B16="","",ROUND(I15*I$7,2)) | T16: =IF($B16="","",ROUND(J15*J$7,2)) | U16: =IF($B16="","",ROUND(K15*K$7,2)) | V16: =IF($B16="","",ROUND(L15*L$7,2)) | W16: =IF($B16="","",ROUND(M15*M$7,2)) | X16: =IF($B16="","",ROUND(N15*N$7,2)) | Y16: =IF($B16="","",ROUND(O15*O$7,2)) | Z16: =IF($B16="","",ROUND(P15*P$7,2)) | ... AB16: =IF($B16="","",ROUND(R15*R$7,2)) | AC16: =IF($B16="","",MIN(I$8,I15+S16)) | AD16: =IF($B16="","",MIN(J$8,J15+T16)) | AE16: =IF($B16="","",MIN(K$8,K15+U16)) | AF16: =IF($B16="","",MIN(L$8,L15+V16)) | AG16: =IF($B16="","",MIN(M$8,M15+W16)) | AH16: =IF($B16="","",MIN(N$8,N15+X16)) | AI16: =IF($B16="","",MIN(O$8,O15+Y16)) | AJ16: =IF($B16="","",MIN(P$8,P15+Z16)) | ... AL16: =IF($B16="","",MIN(R$8,R15+AB16)) | AM16: =IF($B16="","",ROUND(MIN(I15+S16-AC16,MAX(0,Deudas!$D$8-SUM($AC16:$AL16))),2)) | AN16: =IF($B16="","",ROUND(MIN(J15+T16-AD16,MAX(0,Deudas!$D$8-SUM($AC16:$AL16)-SUM($AM16:AM16))),2)) | AO16: =IF($B16="","",ROUND(MIN(K15+U16-AE16,MAX(0,Deudas!$D$8-SUM($AC16:$AL16)-SUM($AM16:AN16))),2)) | AP16: =IF($B16="","",ROUND(MIN(L15+V16-AF16,MAX(0,Deudas!$D$8-SUM($AC16:$AL16)-SUM($AM16:AO16))),2)) | AQ16: =IF($B16="","",ROUND(MIN(M15+W16-AG16,MAX(0,Deudas!$D$8-SUM($AC16:$AL16)-SUM($AM16:AP16))),2)) | AR16: =IF($B16="","",ROUND(MIN(N15+X16-AH16,MAX(0,Deudas!$D$8-SUM($AC16:$AL16)-SUM($AM16:AQ16))),2)) | AS16: =IF($B16="","",ROUND(MIN(O15+Y16-AI16,MAX(0,Deudas!$D$8-SUM($AC16:$AL16)-SUM($AM16:AR16))),2)) | AT16: =IF($B16="","",ROUND(MIN(P15+Z16-AJ16,MAX(0,Deudas!$D$8-SUM($AC16:$AL16)-SUM($AM16:AS16))),2)) | AU16: =IF($B16="","",ROUND(MIN(Q15+AA16-AK16,MAX(0,Deudas!$D$8-SUM($AC16:$AL16)-SUM($AM16:AT16))),2)) | AV16: =IF($B16="","",ROUND(MIN(R15+AB16-AL16,MAX(0,Deudas!$D$8-SUM($AC16:$AL16)-SUM($AM16:AU16))),2))
B17: =IF(B16="","",IF(G16>0.004,B16+1,"")) | C17: =IF($B17="","",EDATE(Deudas!$D$7,$B17)) | D17: =IF($B17="","",SUM($AC17:$AV17)) | E17: =IF($B17="","",SUM($S17:$AB17)) | F17: =IF($B17="","",D17-E17) | G17: =IF($B17="","",SUM($I17:$R17)) | I17: =IF($B17="","",ROUND(I16+S17-AC17-AM17,2)) | J17: =IF($B17="","",ROUND(J16+T17-AD17-AN17,2)) | K17: =IF($B17="","",ROUND(K16+U17-AE17-AO17,2)) | L17: =IF($B17="","",ROUND(L16+V17-AF17-AP17,2)) | M17: =IF($B17="","",ROUND(M16+W17-AG17-AQ17,2)) | N17: =IF($B17="","",ROUND(N16+X17-AH17-AR17,2)) | O17: =IF($B17="","",ROUND(O16+Y17-AI17-AS17,2)) | P17: =IF($B17="","",ROUND(P16+Z17-AJ17-AT17,2)) | ... R17: =IF($B17="","",ROUND(R16+AB17-AL17-AV17,2)) | S17: =IF($B17="","",ROUND(I16*I$7,2)) | T17: =IF($B17="","",ROUND(J16*J$7,2)) | U17: =IF($B17="","",ROUND(K16*K$7,2)) | V17: =IF($B17="","",ROUND(L16*L$7,2)) | W17: =IF($B17="","",ROUND(M16*M$7,2)) | X17: =IF($B17="","",ROUND(N16*N$7,2)) | Y17: =IF($B17="","",ROUND(O16*O$7,2)) | Z17: =IF($B17="","",ROUND(P16*P$7,2)) | ... AB17: =IF($B17="","",ROUND(R16*R$7,2)) | AC17: =IF($B17="","",MIN(I$8,I16+S17)) | AD17: =IF($B17="","",MIN(J$8,J16+T17)) | AE17: =IF($B17="","",MIN(K$8,K16+U17)) | AF17: =IF($B17="","",MIN(L$8,L16+V17)) | AG17: =IF($B17="","",MIN(M$8,M16+W17)) | AH17: =IF($B17="","",MIN(N$8,N16+X17)) | AI17: =IF($B17="","",MIN(O$8,O16+Y17)) | AJ17: =IF($B17="","",MIN(P$8,P16+Z17)) | ... AL17: =IF($B17="","",MIN(R$8,R16+AB17)) | AM17: =IF($B17="","",ROUND(MIN(I16+S17-AC17,MAX(0,Deudas!$D$8-SUM($AC17:$AL17))),2)) | AN17: =IF($B17="","",ROUND(MIN(J16+T17-AD17,MAX(0,Deudas!$D$8-SUM($AC17:$AL17)-SUM($AM17:AM17))),2)) | AO17: =IF($B17="","",ROUND(MIN(K16+U17-AE17,MAX(0,Deudas!$D$8-SUM($AC17:$AL17)-SUM($AM17:AN17))),2)) | AP17: =IF($B17="","",ROUND(MIN(L16+V17-AF17,MAX(0,Deudas!$D$8-SUM($AC17:$AL17)-SUM($AM17:AO17))),2)) | AQ17: =IF($B17="","",ROUND(MIN(M16+W17-AG17,MAX(0,Deudas!$D$8-SUM($AC17:$AL17)-SUM($AM17:AP17))),2)) | AR17: =IF($B17="","",ROUND(MIN(N16+X17-AH17,MAX(0,Deudas!$D$8-SUM($AC17:$AL17)-SUM($AM17:AQ17))),2)) | AS17: =IF($B17="","",ROUND(MIN(O16+Y17-AI17,MAX(0,Deudas!$D$8-SUM($AC17:$AL17)-SUM($AM17:AR17))),2)) | AT17: =IF($B17="","",ROUND(MIN(P16+Z17-AJ17,MAX(0,Deudas!$D$8-SUM($AC17:$AL17)-SUM($AM17:AS17))),2)) | AU17: =IF($B17="","",ROUND(MIN(Q16+AA17-AK17,MAX(0,Deudas!$D$8-SUM($AC17:$AL17)-SUM($AM17:AT17))),2)) | AV17: =IF($B17="","",ROUND(MIN(R16+AB17-AL17,MAX(0,Deudas!$D$8-SUM($AC17:$AL17)-SUM($AM17:AU17))),2))
B18: =IF(B17="","",IF(G17>0.004,B17+1,"")) | C18: =IF($B18="","",EDATE(Deudas!$D$7,$B18)) | D18: =IF($B18="","",SUM($AC18:$AV18)) | E18: =IF($B18="","",SUM($S18:$AB18)) | F18: =IF($B18="","",D18-E18) | G18: =IF($B18="","",SUM($I18:$R18)) | I18: =IF($B18="","",ROUND(I17+S18-AC18-AM18,2)) | J18: =IF($B18="","",ROUND(J17+T18-AD18-AN18,2)) | K18: =IF($B18="","",ROUND(K17+U18-AE18-AO18,2)) | L18: =IF($B18="","",ROUND(L17+V18-AF18-AP18,2)) | M18: =IF($B18="","",ROUND(M17+W18-AG18-AQ18,2)) | N18: =IF($B18="","",ROUND(N17+X18-AH18-AR18,2)) | O18: =IF($B18="","",ROUND(O17+Y18-AI18-AS18,2)) | P18: =IF($B18="","",ROUND(P17+Z18-AJ18-AT18,2)) | ... R18: =IF($B18="","",ROUND(R17+AB18-AL18-AV18,2)) | S18: =IF($B18="","",ROUND(I17*I$7,2)) | T18: =IF($B18="","",ROUND(J17*J$7,2)) | U18: =IF($B18="","",ROUND(K17*K$7,2)) | V18: =IF($B18="","",ROUND(L17*L$7,2)) | W18: =IF($B18="","",ROUND(M17*M$7,2)) | X18: =IF($B18="","",ROUND(N17*N$7,2)) | Y18: =IF($B18="","",ROUND(O17*O$7,2)) | Z18: =IF($B18="","",ROUND(P17*P$7,2)) | ... AB18: =IF($B18="","",ROUND(R17*R$7,2)) | AC18: =IF($B18="","",MIN(I$8,I17+S18)) | AD18: =IF($B18="","",MIN(J$8,J17+T18)) | AE18: =IF($B18="","",MIN(K$8,K17+U18)) | AF18: =IF($B18="","",MIN(L$8,L17+V18)) | AG18: =IF($B18="","",MIN(M$8,M17+W18)) | AH18: =IF($B18="","",MIN(N$8,N17+X18)) | AI18: =IF($B18="","",MIN(O$8,O17+Y18)) | AJ18: =IF($B18="","",MIN(P$8,P17+Z18)) | ... AL18: =IF($B18="","",MIN(R$8,R17+AB18)) | AM18: =IF($B18="","",ROUND(MIN(I17+S18-AC18,MAX(0,Deudas!$D$8-SUM($AC18:$AL18))),2)) | AN18: =IF($B18="","",ROUND(MIN(J17+T18-AD18,MAX(0,Deudas!$D$8-SUM($AC18:$AL18)-SUM($AM18:AM18))),2)) | AO18: =IF($B18="","",ROUND(MIN(K17+U18-AE18,MAX(0,Deudas!$D$8-SUM($AC18:$AL18)-SUM($AM18:AN18))),2)) | AP18: =IF($B18="","",ROUND(MIN(L17+V18-AF18,MAX(0,Deudas!$D$8-SUM($AC18:$AL18)-SUM($AM18:AO18))),2)) | AQ18: =IF($B18="","",ROUND(MIN(M17+W18-AG18,MAX(0,Deudas!$D$8-SUM($AC18:$AL18)-SUM($AM18:AP18))),2)) | AR18: =IF($B18="","",ROUND(MIN(N17+X18-AH18,MAX(0,Deudas!$D$8-SUM($AC18:$AL18)-SUM($AM18:AQ18))),2)) | AS18: =IF($B18="","",ROUND(MIN(O17+Y18-AI18,MAX(0,Deudas!$D$8-SUM($AC18:$AL18)-SUM($AM18:AR18))),2)) | AT18: =IF($B18="","",ROUND(MIN(P17+Z18-AJ18,MAX(0,Deudas!$D$8-SUM($AC18:$AL18)-SUM($AM18:AS18))),2)) | AU18: =IF($B18="","",ROUND(MIN(Q17+AA18-AK18,MAX(0,Deudas!$D$8-SUM($AC18:$AL18)-SUM($AM18:AT18))),2)) | AV18: =IF($B18="","",ROUND(MIN(R17+AB18-AL18,MAX(0,Deudas!$D$8-SUM($AC18:$AL18)-SUM($AM18:AU18))),2))
B19: =IF(B18="","",IF(G18>0.004,B18+1,"")) | C19: =IF($B19="","",EDATE(Deudas!$D$7,$B19)) | D19: =IF($B19="","",SUM($AC19:$AV19)) | E19: =IF($B19="","",SUM($S19:$AB19)) | F19: =IF($B19="","",D19-E19) | G19: =IF($B19="","",SUM($I19:$R19)) | I19: =IF($B19="","",ROUND(I18+S19-AC19-AM19,2)) | J19: =IF($B19="","",ROUND(J18+T19-AD19-AN19,2)) | K19: =IF($B19="","",ROUND(K18+U19-AE19-AO19,2)) | L19: =IF($B19="","",ROUND(L18+V19-AF19-AP19,2)) | M19: =IF($B19="","",ROUND(M18+W19-AG19-AQ19,2)) | N19: =IF($B19="","",ROUND(N18+X19-AH19-AR19,2)) | O19: =IF($B19="","",ROUND(O18+Y19-AI19-AS19,2)) | P19: =IF($B19="","",ROUND(P18+Z19-AJ19-AT19,2)) | ... R19: =IF($B19="","",ROUND(R18+AB19-AL19-AV19,2)) | S19: =IF($B19="","",ROUND(I18*I$7,2)) | T19: =IF($B19="","",ROUND(J18*J$7,2)) | U19: =IF($B19="","",ROUND(K18*K$7,2)) | V19: =IF($B19="","",ROUND(L18*L$7,2)) | W19: =IF($B19="","",ROUND(M18*M$7,2)) | X19: =IF($B19="","",ROUND(N18*N$7,2)) | Y19: =IF($B19="","",ROUND(O18*O$7,2)) | Z19: =IF($B19="","",ROUND(P18*P$7,2)) | ... AB19: =IF($B19="","",ROUND(R18*R$7,2)) | AC19: =IF($B19="","",MIN(I$8,I18+S19)) | AD19: =IF($B19="","",MIN(J$8,J18+T19)) | AE19: =IF($B19="","",MIN(K$8,K18+U19)) | AF19: =IF($B19="","",MIN(L$8,L18+V19)) | AG19: =IF($B19="","",MIN(M$8,M18+W19)) | AH19: =IF($B19="","",MIN(N$8,N18+X19)) | AI19: =IF($B19="","",MIN(O$8,O18+Y19)) | AJ19: =IF($B19="","",MIN(P$8,P18+Z19)) | ... AL19: =IF($B19="","",MIN(R$8,R18+AB19)) | AM19: =IF($B19="","",ROUND(MIN(I18+S19-AC19,MAX(0,Deudas!$D$8-SUM($AC19:$AL19))),2)) | AN19: =IF($B19="","",ROUND(MIN(J18+T19-AD19,MAX(0,Deudas!$D$8-SUM($AC19:$AL19)-SUM($AM19:AM19))),2)) | AO19: =IF($B19="","",ROUND(MIN(K18+U19-AE19,MAX(0,Deudas!$D$8-SUM($AC19:$AL19)-SUM($AM19:AN19))),2)) | AP19: =IF($B19="","",ROUND(MIN(L18+V19-AF19,MAX(0,Deudas!$D$8-SUM($AC19:$AL19)-SUM($AM19:AO19))),2)) | AQ19: =IF($B19="","",ROUND(MIN(M18+W19-AG19,MAX(0,Deudas!$D$8-SUM($AC19:$AL19)-SUM($AM19:AP19))),2)) | AR19: =IF($B19="","",ROUND(MIN(N18+X19-AH19,MAX(0,Deudas!$D$8-SUM($AC19:$AL19)-SUM($AM19:AQ19))),2)) | AS19: =IF($B19="","",ROUND(MIN(O18+Y19-AI19,MAX(0,Deudas!$D$8-SUM($AC19:$AL19)-SUM($AM19:AR19))),2)) | AT19: =IF($B19="","",ROUND(MIN(P18+Z19-AJ19,MAX(0,Deudas!$D$8-SUM($AC19:$AL19)-SUM($AM19:AS19))),2)) | AU19: =IF($B19="","",ROUND(MIN(Q18+AA19-AK19,MAX(0,Deudas!$D$8-SUM($AC19:$AL19)-SUM($AM19:AT19))),2)) | AV19: =IF($B19="","",ROUND(MIN(R18+AB19-AL19,MAX(0,Deudas!$D$8-SUM($AC19:$AL19)-SUM($AM19:AU19))),2))
B20: =IF(B19="","",IF(G19>0.004,B19+1,"")) | C20: =IF($B20="","",EDATE(Deudas!$D$7,$B20)) | D20: =IF($B20="","",SUM($AC20:$AV20)) | E20: =IF($B20="","",SUM($S20:$AB20)) | F20: =IF($B20="","",D20-E20) | G20: =IF($B20="","",SUM($I20:$R20)) | I20: =IF($B20="","",ROUND(I19+S20-AC20-AM20,2)) | J20: =IF($B20="","",ROUND(J19+T20-AD20-AN20,2)) | K20: =IF($B20="","",ROUND(K19+U20-AE20-AO20,2)) | L20: =IF($B20="","",ROUND(L19+V20-AF20-AP20,2)) | M20: =IF($B20="","",ROUND(M19+W20-AG20-AQ20,2)) | N20: =IF($B20="","",ROUND(N19+X20-AH20-AR20,2)) | O20: =IF($B20="","",ROUND(O19+Y20-AI20-AS20,2)) | P20: =IF($B20="","",ROUND(P19+Z20-AJ20-AT20,2)) | ... R20: =IF($B20="","",ROUND(R19+AB20-AL20-AV20,2)) | S20: =IF($B20="","",ROUND(I19*I$7,2)) | T20: =IF($B20="","",ROUND(J19*J$7,2)) | U20: =IF($B20="","",ROUND(K19*K$7,2)) | V20: =IF($B20="","",ROUND(L19*L$7,2)) | W20: =IF($B20="","",ROUND(M19*M$7,2)) | X20: =IF($B20="","",ROUND(N19*N$7,2)) | Y20: =IF($B20="","",ROUND(O19*O$7,2)) | Z20: =IF($B20="","",ROUND(P19*P$7,2)) | ... AB20: =IF($B20="","",ROUND(R19*R$7,2)) | AC20: =IF($B20="","",MIN(I$8,I19+S20)) | AD20: =IF($B20="","",MIN(J$8,J19+T20)) | AE20: =IF($B20="","",MIN(K$8,K19+U20)) | AF20: =IF($B20="","",MIN(L$8,L19+V20)) | AG20: =IF($B20="","",MIN(M$8,M19+W20)) | AH20: =IF($B20="","",MIN(N$8,N19+X20)) | AI20: =IF($B20="","",MIN(O$8,O19+Y20)) | AJ20: =IF($B20="","",MIN(P$8,P19+Z20)) | ... AL20: =IF($B20="","",MIN(R$8,R19+AB20)) | AM20: =IF($B20="","",ROUND(MIN(I19+S20-AC20,MAX(0,Deudas!$D$8-SUM($AC20:$AL20))),2)) | AN20: =IF($B20="","",ROUND(MIN(J19+T20-AD20,MAX(0,Deudas!$D$8-SUM($AC20:$AL20)-SUM($AM20:AM20))),2)) | AO20: =IF($B20="","",ROUND(MIN(K19+U20-AE20,MAX(0,Deudas!$D$8-SUM($AC20:$AL20)-SUM($AM20:AN20))),2)) | AP20: =IF($B20="","",ROUND(MIN(L19+V20-AF20,MAX(0,Deudas!$D$8-SUM($AC20:$AL20)-SUM($AM20:AO20))),2)) | AQ20: =IF($B20="","",ROUND(MIN(M19+W20-AG20,MAX(0,Deudas!$D$8-SUM($AC20:$AL20)-SUM($AM20:AP20))),2)) | AR20: =IF($B20="","",ROUND(MIN(N19+X20-AH20,MAX(0,Deudas!$D$8-SUM($AC20:$AL20)-SUM($AM20:AQ20))),2)) | AS20: =IF($B20="","",ROUND(MIN(O19+Y20-AI20,MAX(0,Deudas!$D$8-SUM($AC20:$AL20)-SUM($AM20:AR20))),2)) | AT20: =IF($B20="","",ROUND(MIN(P19+Z20-AJ20,MAX(0,Deudas!$D$8-SUM($AC20:$AL20)-SUM($AM20:AS20))),2)) | AU20: =IF($B20="","",ROUND(MIN(Q19+AA20-AK20,MAX(0,Deudas!$D$8-SUM($AC20:$AL20)-SUM($AM20:AT20))),2)) | AV20: =IF($B20="","",ROUND(MIN(R19+AB20-AL20,MAX(0,Deudas!$D$8-SUM($AC20:$AL20)-SUM($AM20:AU20))),2))
B21: =IF(B20="","",IF(G20>0.004,B20+1,"")) | C21: =IF($B21="","",EDATE(Deudas!$D$7,$B21)) | D21: =IF($B21="","",SUM($AC21:$AV21)) | E21: =IF($B21="","",SUM($S21:$AB21)) | F21: =IF($B21="","",D21-E21) | G21: =IF($B21="","",SUM($I21:$R21)) | I21: =IF($B21="","",ROUND(I20+S21-AC21-AM21,2)) | J21: =IF($B21="","",ROUND(J20+T21-AD21-AN21,2)) | K21: =IF($B21="","",ROUND(K20+U21-AE21-AO21,2)) | L21: =IF($B21="","",ROUND(L20+V21-AF21-AP21,2)) | M21: =IF($B21="","",ROUND(M20+W21-AG21-AQ21,2)) | N21: =IF($B21="","",ROUND(N20+X21-AH21-AR21,2)) | O21: =IF($B21="","",ROUND(O20+Y21-AI21-AS21,2)) | P21: =IF($B21="","",ROUND(P20+Z21-AJ21-AT21,2)) | ... R21: =IF($B21="","",ROUND(R20+AB21-AL21-AV21,2)) | S21: =IF($B21="","",ROUND(I20*I$7,2)) | T21: =IF($B21="","",ROUND(J20*J$7,2)) | U21: =IF($B21="","",ROUND(K20*K$7,2)) | V21: =IF($B21="","",ROUND(L20*L$7,2)) | W21: =IF($B21="","",ROUND(M20*M$7,2)) | X21: =IF($B21="","",ROUND(N20*N$7,2)) | Y21: =IF($B21="","",ROUND(O20*O$7,2)) | Z21: =IF($B21="","",ROUND(P20*P$7,2)) | ... AB21: =IF($B21="","",ROUND(R20*R$7,2)) | AC21: =IF($B21="","",MIN(I$8,I20+S21)) | AD21: =IF($B21="","",MIN(J$8,J20+T21)) | AE21: =IF($B21="","",MIN(K$8,K20+U21)) | AF21: =IF($B21="","",MIN(L$8,L20+V21)) | AG21: =IF($B21="","",MIN(M$8,M20+W21)) | AH21: =IF($B21="","",MIN(N$8,N20+X21)) | AI21: =IF($B21="","",MIN(O$8,O20+Y21)) | AJ21: =IF($B21="","",MIN(P$8,P20+Z21)) | ... AL21: =IF($B21="","",MIN(R$8,R20+AB21)) | AM21: =IF($B21="","",ROUND(MIN(I20+S21-AC21,MAX(0,Deudas!$D$8-SUM($AC21:$AL21))),2)) | AN21: =IF($B21="","",ROUND(MIN(J20+T21-AD21,MAX(0,Deudas!$D$8-SUM($AC21:$AL21)-SUM($AM21:AM21))),2)) | AO21: =IF($B21="","",ROUND(MIN(K20+U21-AE21,MAX(0,Deudas!$D$8-SUM($AC21:$AL21)-SUM($AM21:AN21))),2)) | AP21: =IF($B21="","",ROUND(MIN(L20+V21-AF21,MAX(0,Deudas!$D$8-SUM($AC21:$AL21)-SUM($AM21:AO21))),2)) | AQ21: =IF($B21="","",ROUND(MIN(M20+W21-AG21,MAX(0,Deudas!$D$8-SUM($AC21:$AL21)-SUM($AM21:AP21))),2)) | AR21: =IF($B21="","",ROUND(MIN(N20+X21-AH21,MAX(0,Deudas!$D$8-SUM($AC21:$AL21)-SUM($AM21:AQ21))),2)) | AS21: =IF($B21="","",ROUND(MIN(O20+Y21-AI21,MAX(0,Deudas!$D$8-SUM($AC21:$AL21)-SUM($AM21:AR21))),2)) | AT21: =IF($B21="","",ROUND(MIN(P20+Z21-AJ21,MAX(0,Deudas!$D$8-SUM($AC21:$AL21)-SUM($AM21:AS21))),2)) | AU21: =IF($B21="","",ROUND(MIN(Q20+AA21-AK21,MAX(0,Deudas!$D$8-SUM($AC21:$AL21)-SUM($AM21:AT21))),2)) | AV21: =IF($B21="","",ROUND(MIN(R20+AB21-AL21,MAX(0,Deudas!$D$8-SUM($AC21:$AL21)-SUM($AM21:AU21))),2))
B22: =IF(B21="","",IF(G21>0.004,B21+1,"")) | C22: =IF($B22="","",EDATE(Deudas!$D$7,$B22)) | D22: =IF($B22="","",SUM($AC22:$AV22)) | E22: =IF($B22="","",SUM($S22:$AB22)) | F22: =IF($B22="","",D22-E22) | G22: =IF($B22="","",SUM($I22:$R22)) | I22: =IF($B22="","",ROUND(I21+S22-AC22-AM22,2)) | J22: =IF($B22="","",ROUND(J21+T22-AD22-AN22,2)) | K22: =IF($B22="","",ROUND(K21+U22-AE22-AO22,2)) | L22: =IF($B22="","",ROUND(L21+V22-AF22-AP22,2)) | M22: =IF($B22="","",ROUND(M21+W22-AG22-AQ22,2)) | N22: =IF($B22="","",ROUND(N21+X22-AH22-AR22,2)) | O22: =IF($B22="","",ROUND(O21+Y22-AI22-AS22,2)) | P22: =IF($B22="","",ROUND(P21+Z22-AJ22-AT22,2)) | ... R22: =IF($B22="","",ROUND(R21+AB22-AL22-AV22,2)) | S22: =IF($B22="","",ROUND(I21*I$7,2)) | T22: =IF($B22="","",ROUND(J21*J$7,2)) | U22: =IF($B22="","",ROUND(K21*K$7,2)) | V22: =IF($B22="","",ROUND(L21*L$7,2)) | W22: =IF($B22="","",ROUND(M21*M$7,2)) | X22: =IF($B22="","",ROUND(N21*N$7,2)) | Y22: =IF($B22="","",ROUND(O21*O$7,2)) | Z22: =IF($B22="","",ROUND(P21*P$7,2)) | ... AB22: =IF($B22="","",ROUND(R21*R$7,2)) | AC22: =IF($B22="","",MIN(I$8,I21+S22)) | AD22: =IF($B22="","",MIN(J$8,J21+T22)) | AE22: =IF($B22="","",MIN(K$8,K21+U22)) | AF22: =IF($B22="","",MIN(L$8,L21+V22)) | AG22: =IF($B22="","",MIN(M$8,M21+W22)) | AH22: =IF($B22="","",MIN(N$8,N21+X22)) | AI22: =IF($B22="","",MIN(O$8,O21+Y22)) | AJ22: =IF($B22="","",MIN(P$8,P21+Z22)) | ... AL22: =IF($B22="","",MIN(R$8,R21+AB22)) | AM22: =IF($B22="","",ROUND(MIN(I21+S22-AC22,MAX(0,Deudas!$D$8-SUM($AC22:$AL22))),2)) | AN22: =IF($B22="","",ROUND(MIN(J21+T22-AD22,MAX(0,Deudas!$D$8-SUM($AC22:$AL22)-SUM($AM22:AM22))),2)) | AO22: =IF($B22="","",ROUND(MIN(K21+U22-AE22,MAX(0,Deudas!$D$8-SUM($AC22:$AL22)-SUM($AM22:AN22))),2)) | AP22: =IF($B22="","",ROUND(MIN(L21+V22-AF22,MAX(0,Deudas!$D$8-SUM($AC22:$AL22)-SUM($AM22:AO22))),2)) | AQ22: =IF($B22="","",ROUND(MIN(M21+W22-AG22,MAX(0,Deudas!$D$8-SUM($AC22:$AL22)-SUM($AM22:AP22))),2)) | AR22: =IF($B22="","",ROUND(MIN(N21+X22-AH22,MAX(0,Deudas!$D$8-SUM($AC22:$AL22)-SUM($AM22:AQ22))),2)) | AS22: =IF($B22="","",ROUND(MIN(O21+Y22-AI22,MAX(0,Deudas!$D$8-SUM($AC22:$AL22)-SUM($AM22:AR22))),2)) | AT22: =IF($B22="","",ROUND(MIN(P21+Z22-AJ22,MAX(0,Deudas!$D$8-SUM($AC22:$AL22)-SUM($AM22:AS22))),2)) | AU22: =IF($B22="","",ROUND(MIN(Q21+AA22-AK22,MAX(0,Deudas!$D$8-SUM($AC22:$AL22)-SUM($AM22:AT22))),2)) | AV22: =IF($B22="","",ROUND(MIN(R21+AB22-AL22,MAX(0,Deudas!$D$8-SUM($AC22:$AL22)-SUM($AM22:AU22))),2))
B23: =IF(B22="","",IF(G22>0.004,B22+1,"")) | C23: =IF($B23="","",EDATE(Deudas!$D$7,$B23)) | D23: =IF($B23="","",SUM($AC23:$AV23)) | E23: =IF($B23="","",SUM($S23:$AB23)) | F23: =IF($B23="","",D23-E23) | G23: =IF($B23="","",SUM($I23:$R23)) | I23: =IF($B23="","",ROUND(I22+S23-AC23-AM23,2)) | J23: =IF($B23="","",ROUND(J22+T23-AD23-AN23,2)) | K23: =IF($B23="","",ROUND(K22+U23-AE23-AO23,2)) | L23: =IF($B23="","",ROUND(L22+V23-AF23-AP23,2)) | M23: =IF($B23="","",ROUND(M22+W23-AG23-AQ23,2)) | N23: =IF($B23="","",ROUND(N22+X23-AH23-AR23,2)) | O23: =IF($B23="","",ROUND(O22+Y23-AI23-AS23,2)) | P23: =IF($B23="","",ROUND(P22+Z23-AJ23-AT23,2)) | ... R23: =IF($B23="","",ROUND(R22+AB23-AL23-AV23,2)) | S23: =IF($B23="","",ROUND(I22*I$7,2)) | T23: =IF($B23="","",ROUND(J22*J$7,2)) | U23: =IF($B23="","",ROUND(K22*K$7,2)) | V23: =IF($B23="","",ROUND(L22*L$7,2)) | W23: =IF($B23="","",ROUND(M22*M$7,2)) | X23: =IF($B23="","",ROUND(N22*N$7,2)) | Y23: =IF($B23="","",ROUND(O22*O$7,2)) | Z23: =IF($B23="","",ROUND(P22*P$7,2)) | ... AB23: =IF($B23="","",ROUND(R22*R$7,2)) | AC23: =IF($B23="","",MIN(I$8,I22+S23)) | AD23: =IF($B23="","",MIN(J$8,J22+T23)) | AE23: =IF($B23="","",MIN(K$8,K22+U23)) | AF23: =IF($B23="","",MIN(L$8,L22+V23)) | AG23: =IF($B23="","",MIN(M$8,M22+W23)) | AH23: =IF($B23="","",MIN(N$8,N22+X23)) | AI23: =IF($B23="","",MIN(O$8,O22+Y23)) | AJ23: =IF($B23="","",MIN(P$8,P22+Z23)) | ... AL23: =IF($B23="","",MIN(R$8,R22+AB23)) | AM23: =IF($B23="","",ROUND(MIN(I22+S23-AC23,MAX(0,Deudas!$D$8-SUM($AC23:$AL23))),2)) | AN23: =IF($B23="","",ROUND(MIN(J22+T23-AD23,MAX(0,Deudas!$D$8-SUM($AC23:$AL23)-SUM($AM23:AM23))),2)) | AO23: =IF($B23="","",ROUND(MIN(K22+U23-AE23,MAX(0,Deudas!$D$8-SUM($AC23:$AL23)-SUM($AM23:AN23))),2)) | AP23: =IF($B23="","",ROUND(MIN(L22+V23-AF23,MAX(0,Deudas!$D$8-SUM($AC23:$AL23)-SUM($AM23:AO23))),2)) | AQ23: =IF($B23="","",ROUND(MIN(M22+W23-AG23,MAX(0,Deudas!$D$8-SUM($AC23:$AL23)-SUM($AM23:AP23))),2)) | AR23: =IF($B23="","",ROUND(MIN(N22+X23-AH23,MAX(0,Deudas!$D$8-SUM($AC23:$AL23)-SUM($AM23:AQ23))),2)) | AS23: =IF($B23="","",ROUND(MIN(O22+Y23-AI23,MAX(0,Deudas!$D$8-SUM($AC23:$AL23)-SUM($AM23:AR23))),2)) | AT23: =IF($B23="","",ROUND(MIN(P22+Z23-AJ23,MAX(0,Deudas!$D$8-SUM($AC23:$AL23)-SUM($AM23:AS23))),2)) | AU23: =IF($B23="","",ROUND(MIN(Q22+AA23-AK23,MAX(0,Deudas!$D$8-SUM($AC23:$AL23)-SUM($AM23:AT23))),2)) | AV23: =IF($B23="","",ROUND(MIN(R22+AB23-AL23,MAX(0,Deudas!$D$8-SUM($AC23:$AL23)-SUM($AM23:AU23))),2))
... B131: =IF(B130="","",IF(G130>0.004,B130+1,"")) | C131: =IF($B131="","",EDATE(Deudas!$D$7,$B131)) | D131: =IF($B131="","",SUM($AC131:$AV131)) | E131: =IF($B131="","",SUM($S131:$AB131)) | F131: =IF($B131="","",D131-E131) | G131: =IF($B131="","",SUM($I131:$R131)) | I131: =IF($B131="","",ROUND(I130+S131-AC131-AM131,2)) | J131: =IF($B131="","",ROUND(J130+T131-AD131-AN131,2)) | K131: =IF($B131="","",ROUND(K130+U131-AE131-AO131,2)) | L131: =IF($B131="","",ROUND(L130+V131-AF131-AP131,2)) | M131: =IF($B131="","",ROUND(M130+W131-AG131-AQ131,2)) | N131: =IF($B131="","",ROUND(N130+X131-AH131-AR131,2)) | O131: =IF($B131="","",ROUND(O130+Y131-AI131-AS131,2)) | P131: =IF($B131="","",ROUND(P130+Z131-AJ131-AT131,2)) | ... R131: =IF($B131="","",ROUND(R130+AB131-AL131-AV131,2)) | S131: =IF($B131="","",ROUND(I130*I$7,2)) | T131: =IF($B131="","",ROUND(J130*J$7,2)) | U131: =IF($B131="","",ROUND(K130*K$7,2)) | V131: =IF($B131="","",ROUND(L130*L$7,2)) | W131: =IF($B131="","",ROUND(M130*M$7,2)) | X131: =IF($B131="","",ROUND(N130*N$7,2)) | Y131: =IF($B131="","",ROUND(O130*O$7,2)) | Z131: =IF($B131="","",ROUND(P130*P$7,2)) | ... AB131: =IF($B131="","",ROUND(R130*R$7,2)) | AC131: =IF($B131="","",MIN(I$8,I130+S131)) | AD131: =IF($B131="","",MIN(J$8,J130+T131)) | AE131: =IF($B131="","",MIN(K$8,K130+U131)) | AF131: =IF($B131="","",MIN(L$8,L130+V131)) | AG131: =IF($B131="","",MIN(M$8,M130+W131)) | AH131: =IF($B131="","",MIN(N$8,N130+X131)) | AI131: =IF($B131="","",MIN(O$8,O130+Y131)) | AJ131: =IF($B131="","",MIN(P$8,P130+Z131)) | ... AL131: =IF($B131="","",MIN(R$8,R130+AB131)) | AM131: =IF($B131="","",ROUND(MIN(I130+S131-AC131,MAX(0,Deudas!$D$8-SUM($AC131:$AL131))),2)) | AN131: =IF($B131="","",ROUND(MIN(J130+T131-AD131,MAX(0,Deudas!$D$8-SUM($AC131:$AL131)-SUM($AM131:AM131))),2)) | AO131: =IF($B131="","",ROUND(MIN(K130+U131-AE131,MAX(0,Deudas!$D$8-SUM($AC131:$AL131)-SUM($AM131:AN131))),2)) | AP131: =IF($B131="","",ROUND(MIN(L130+V131-AF131,MAX(0,Deudas!$D$8-SUM($AC131:$AL131)-SUM($AM131:AO131))),2)) | AQ131: =IF($B131="","",ROUND(MIN(M130+W131-AG131,MAX(0,Deudas!$D$8-SUM($AC131:$AL131)-SUM($AM131:AP131))),2)) | AR131: =IF($B131="","",ROUND(MIN(N130+X131-AH131,MAX(0,Deudas!$D$8-SUM($AC131:$AL131)-SUM($AM131:AQ131))),2)) | AS131: =IF($B131="","",ROUND(MIN(O130+Y131-AI131,MAX(0,Deudas!$D$8-SUM($AC131:$AL131)-SUM($AM131:AR131))),2)) | AT131: =IF($B131="","",ROUND(MIN(P130+Z131-AJ131,MAX(0,Deudas!$D$8-SUM($AC131:$AL131)-SUM($AM131:AS131))),2)) | AU131: =IF($B131="","",ROUND(MIN(Q130+AA131-AK131,MAX(0,Deudas!$D$8-SUM($AC131:$AL131)-SUM($AM131:AT131))),2)) | AV131: =IF($B131="","",ROUND(MIN(R130+AB131-AL131,MAX(0,Deudas!$D$8-SUM($AC131:$AL131)-SUM($AM131:AU131))),2))

Sheet Instrucciones
B2: Cómo usar la plantilla de plan de pago de deudas
B3: Plantilla gratuita de Plantillas de Cálculo · plantillasdecalculo.com
B5: CÓMO USARLA
B6: 1. Hoja «Deudas», celda D5: elige el método. Bola de nieve paga primero la deuda de menor saldo; Avalancha, la de mayor interés.
B7: 2. Celda D6: escribe el pago extra mensual que puedes añadir a las cuotas mínimas (puede ser 0).
B8: 3. Celda D7: indica la fecha a la que corresponden los saldos que vas a escribir (hoy). El mes 1 del plan será el mes siguiente.
B9: 4. Tabla de deudas (filas 11 a 20, hasta 10 deudas): escribe nombre, tipo, saldo actual, interés anual (TAE o TIN) y cuota mínima mensual. Borra los datos de ejemplo.
B10: 5. Revisa la columna «Estado»: «Revisar cuota» avisa de que la cuota mínima no cubre ni los intereses del mes.
B11: 6. La columna «Prioridad» se calcula sola y fija el orden en que se atacan las deudas.
B12: 7. Hoja «Calendario»: muestra mes a mes intereses, pagos, capital amortizado y saldo de cada deuda, hasta un máximo de 120 meses.
B13: 8. Hoja «Panel»: consulta los meses hasta quedar libre de deudas, los intereses totales y el gráfico de evolución. Cambia el método o el extra y compara.
B15: CONSEJOS
... B24: Aviso: plantilla educativa de organización y simulación. No constituye asesoramiento financiero ni sustituye a un profesional. Los tipos de interés y condiciones de tus deudas son datos que introduces tú.

Sheet Listas
A1: Tipo
A2: Tarjeta de crédito
A3: Préstamo personal
A4: Préstamo coche
A5: Crédito reforma
A6: Compra a plazos
A7: Descubierto
A8: Familiar o amigo
A9: Otra
